 Dungeon Crawl Stone Soup version 0.31-a0-1576-ga3383bade6 (webtiles) character file.

Game seed: 852553925135877058

341357 whatisthis the Hand of Fortune (level 22, -1/165 (177) HPs)
             Began as a Gnoll Reaver on Jan 2, 2024.
             Was the Champion of Nemelex Xobeh.
             Slain by a vampire knight
             ... wielding a +2 great sword
              (15 damage)
             ... on level 2 of the Depths on Jan 4, 2024.
             The game lasted 05:41:46 (79581 turns).

whatisthis the Hand of Fortune (Gnoll Reaver)      Turns: 79581, Time: 05:41:46

HP:   -1/165 (177)  AC: 22    Str: 17    XL:     22   Next: 1%
MP:   42/42         EV: 13    Int: 23    God:    Nemelex Xobeh [******]
Gold: 1599          SH: 19    Dex: 12    Spells: 24/53 levels left

rFire   + + .        b - +2 demon trident (venom)
rCold   + . .        h - +1 kite shield {rF+}
rNeg    . . .        p - +0 chain mail {rPois}
rPois   +            R - +0 helmet of Parsimonious Mirth {Will+ rCorr}
rElec   .            O - scarf {rC+ rF+}
rCorr   +            u - +2 pair of gloves
SInv    .            S - +2 pair of boots
Will    +++..        F - amulet of reflection
Stlth   +++          Q - +6 ring of intelligence
HPRegen 0.47/turn    f - ring of willpower
MPRegen 0.28/turn

%: reflection
@: about to teleport, drained
A: fangs 1, strong nose, distributed training, subdued magic 1
}: 2/15 runes: serpentine, barnacled
a: Renounce Religion, Draw Escape, Draw Destruction, Draw Summoning, Triple
Draw, Deal Four, Stack Five


You were on level 2 of the Depths.
You worshipped Nemelex Xobeh.
Nemelex Xobeh was exalted by your worship.
You visited 8 branches of the dungeon, and saw 38 of its levels.

You collected 3457 gold pieces.
You spent 1858 gold pieces at shops.

Inventory:

Hand Weapons
 a - the +0 halberd of Earthquakes {freeze, rElec Will+}
   (You found it on level 10 of the Dungeon)

   rElec:     It insulates you from electricity.
   Will+:     It increases your willpower.
 b - a +2 demon trident of venom (weapon)
 c - the +8 war axe of Beogh's Brutal Revenge {freeze, rPois Int+3}
   (You took it off a merfolk aquamancer on level 3 of the Shoals)

   Int+3:     It affects your intelligence (+3).
   rPois:     It protects you from poison
Missiles
 e - 2 throwing nets
 i - 32 poisoned darts
 D - 23 boomerangs (quivered)
 V - 12 javelins
 W - 7 curare-tipped darts
Armour
 h - a +1 kite shield of fire resistance (worn)
 p - a +0 chain mail of poison resistance (worn)
 u - a +2 pair of gloves (worn)
 O - a scarf of resistance (worn)
 R - the +0 helmet of Parsimonious Mirth (worn) {Will+ rCorr}
   (You found it on level 1 of the Depths)

   Will+:     It increases your willpower.
   rCorr:     It protects you from acid and corrosion.
 S - a +2 pair of boots (worn)
Jewellery
 f - a ring of willpower (right hand)
 z - a ring of protection from cold
 F - an amulet of reflection (around neck)
 P - a ring of wizardry
 Q - a +6 ring of intelligence (left hand)
Wands
 g - a wand of mindburst (13)
 o - a wand of paralysis (10)
 y - a wand of iceblast (14)
 A - a wand of digging (5)
 M - a wand of flame (37)
 U - a wand of quicksilver (2)
Scrolls
 l - 8 scrolls of amnesia
 m - 7 scrolls of fear
 q - 4 scrolls of fog
 t - 5 scrolls of teleportation
 w - 4 scrolls of enchant armour
 x - 2 scrolls of butterflies
 B - 5 scrolls of immolation
 G - 6 scrolls of poison
 I - 5 scrolls of blinking
 N - 4 scrolls of revelation
 T - 3 scrolls of vulnerability
 Y - 2 scrolls of silence
Potions
 d - a potion of ambrosia {unknown}
 j - 6 potions of resistance
 k - 12 potions of heal wounds
 n - 5 potions of haste
 r - 6 potions of lignification
 s - 6 potions of might
 v - 4 potions of attraction
 C - 4 potions of cancellation
 E - a potion of magic {unknown}
 H - 11 potions of curing
 J - 4 potions of invisibility
 K - 4 potions of enlightenment
 L - 4 potions of berserk rage
 X - 2 potions of brilliance {unknown}
Miscellaneous
 Z - a lightning rod (4/4)


   Skills:
 + Level 15.9 Fighting
 + Level 15.2 Short Blades
 + Level 15.2 Long Blades
 + Level 15.2 Axes
 + Level 15.2 Maces & Flails
 + Level 16.4 Polearms
 + Level 15.2 Staves
 + Level 15.2 Ranged Weapons
 + Level 15.2 Throwing
 + Level 15.2 Armour
 + Level 15.9 Dodging
 + Level 15.2 Stealth
 + Level 15.2 Shields
 + Level 15.2 Unarmed Combat
 + Level 16.0 Spellcasting
 + Level 14.0 Conjurations
 + Level 13.0 Hexes
 + Level 13.0 Summonings
 + Level 13.0 Necromancy
 + Level 13.0 Translocations
 + Level 13.0 Fire Magic
 + Level 13.0 Ice Magic
 + Level 13.0 Air Magic
 + Level 13.0 Earth Magic
 + Level 13.0 Alchemy
 + Level 16.5 Invocations
 + Level 15.2 Evocations
 + Level 14.1 Shapeshifting


You had 24 spell levels left.
You knew the following spells:

 Your Spells              Type           Power      Damage    Failure   Level
a - Kiss of Death         Conj/Necr      100%       2d13      1%          1
b - Hailstorm             Conj/Ice       58%        3d11      1%          3
c - Blink                 Tloc           100%       N/A       1%          2
d - Call Canine Familiar  Summ           56%        N/A       1%          3
e - Summon Blazeheart Go  Fire/Summ      56%        N/A       1%          4
f - Mephitic Cloud        Conj/Alch/Air  57%        N/A       1%          3
g - Anguish               Hex/Necr       28%        N/A       1%          4
h - Freezing Cloud        Conj/Ice/Air   28%        6-21      2%          5
i - Airstrike             Air            28%        2d(4-20)  1%          4

Your spell library contained the following spells:

 Spells                   Type           Power      Damage    Failure   Level
 Magic Dart               Conj           100%       1d8       1%          1
 Shock                    Conj/Air       100%       1d9       1%          1
 Sting                    Conj/Alch      100%       1d9       1%          1
 Summon Small Mammal      Summ           100%       N/A       1%          1
 Call Imp                 Summ           100%       N/A       1%          2
 Ensorcelled Hibernation  Hex/Ice        100%       N/A       1%          2
 Mercury Vapours          Alch/Air       100%       N/A       1%          2
 Momentum Strike          Conj/Tloc      100%       3d10      1%          2
 Fugue of the Fallen      Necr           56%        N/A       1%          3
 Swiftness                Air            56%        N/A       1%          3
 Olgreb's Toxic Radiance  Alch           56%        N/A       1%          4


Dungeon Overview and Level Annotations

Branches:
Dungeon (15/15)            Temple (1/1) D:7            Lair (5/5) D:10
 Shoals (4/4) Lair:3        Snake (4/4) Lair:2        Slime (0/5) Lair:5
    Orc (2/2) D:10            Elf (0/3) Orc:2        Vaults (4/5) D:13
  Crypt (0/3) Vaults:2     Depths (3/4) D:15

Altars:
Ashenzari
Cheibriados
Dithmenos
Elyvilon
Fedhas
Gozag
Hepliaklqana
Kikubaaqudgha
Makhleb
Nemelex Xobeh
Okawaru
Qazlal
Ru
Sif Muna
Trog
Uskayaw
Vehumet
Wu Jian
Xom
Yredelemnul
Zin
The Shining One
Jiyva
Lugonu

Shops:
D:5 *   D:13 (   D:15 :![*!   Orc:1 *   Orc:2 =*:([   Shoals:2 =   Snake:1 :==
Snake:2 (:((   Vaults:2 !

Portals:
Hell: Depths:1
Abyss: Lair:5 Depths:2
Pandemonium: Depths:2
Ziggurat: Depths:3

Annotations:
D:8 3 runed translucent doors
D:15 Roxanne
Shoals:1 3 runed translucent doors
Shoals:4 Polyphemus
Vaults:2 2 transporters
Depths:2 exclusion: lich
Depths:3 1 runed translucent door, exclusions: downstairs and upstairs, Oxzi's ghost, adept DEHW


Innate Abilities, Weirdness & Mutations

You have very sharp teeth.
Your uncanny sense of smell can sniff out nearby items.
Your experience applies equally to all skills.
Your spells are a little easier to cast, but a little less powerful.


Message History

Unknown command.
You impale the minotaur!!
The minotaur is severely wounded.
The vampire knight is lost in a daze.
The minotaur hits you. You block the minotaur's attack.
You hit the minotaur.
The minotaur is poisoned.
The minotaur is severely wounded.
The vampire knight is lost in a daze.
The minotaur hits you! You block the minotaur's attack.
You impale the minotaur!!
You kill the minotaur!
The caustic shrike returns to its original shape as it dies.
You block the vampire knight's attack. x2
You hit the vampire knight.
The vampire knight is lightly damaged.
You block the vampire knight's attack.
The vampire knight completely misses you.
You draw a card...
You have drawn the Illusion.
Suddenly you stand beside yourself.
The vampire knight hits you with a +2 great sword.
The vampire knight closely misses you.
The vampire knight is lost in a daze.
You draw a card...
You have drawn the Dance.
The vampire knight gestures wildly while chanting.
The vampire knight flickers and vanishes!
Deactivating autopickup; reactivate with Ctrl-A.
Whatisthis's illusion hits something!!
You swap places.
Something hits you!
* * * LOW HITPOINT WARNING * * *
Something bites you but does no damage. Something hits you!
* * * LOW HITPOINT WARNING * * *
Something barely misses you.
You see here a caustic shrike corpse.
As you read the scroll of teleportation, it crumbles to dust.
You feel strangely unstable.
Whatisthis's illusion hits something!
You draw a card...
You have drawn the Cloud.
Clouds appear around your foes! Something hits you!
* * * LOW HITPOINT WARNING * * *
Something bites you but does no damage. Something hits you!
You die...
Your body glows with a rainbow of weird colours and disappears.

#..................#
#..................##
#....................
#....................
#............########
#............#
#.........[..#
#...§§§.<....########
#...@{@..............
#..[§(§...(..........
###########..########
###########..########
#....................
#.......####'####....
#.......#.......#####
#.......#.⌠...⌠.#####
#.......#.......#....


You could see a friendly -1 hand axe (summoned) and the friendly whatisthis's
illusion (summoned).

Vanquished Creatures
  Xtahua (Vaults:2)
  A caustic shrike (Depths:2)
  Jory (Vaults:3)
  Nikola (Shoals:3)
  A lich (Depths:2)
  Asterion (Depths:1)
  A sphinx (Depths:2)
  2 tengu reavers (Depths:1)
  Donald (Vaults:1)
  10 vault wardens
  6 nagarajas
  4 frost giants
  4 fire giants
  Louise (D:15)
  3 very ugly things (Depths:3)
  A spectral caustic shrike (Depths:2)
  4 orc warlords
  15 ironbound preservers
  A ghoul (Vaults:2)
  The ghost of Rennog the Bludgeoner, a journeyman FoFi of the Shining One (Lair:3)
  A formless jellyfish (Depths:1)
  2 spriggan defenders (Depths:2)
  4 stone giants
  5 ironbound thunderhulks
  Azrael (D:15)
  15 dire elephants
  2 war gargoyles (Vaults:3)
  A minotaur (Depths:2)
  Snorg (Lair:5)
  A crystal guardian (Vaults:1)
  6 merfolk impalers
  6 fire dragons
  10 yaktaur captains
  5 merfolk javelineers
  Josephine (D:11)
  An entropy weaver (Vaults:2)
  3 ettins
  3 jiangshi (D:15)
  The ghost of Azoth the Toxicologist, a journeyman DsAl of Vehumet (Orc:2)
  A great orb of eyes (Vaults:1)
  4 hydras
  2 salamander tyrants (Snake:4)
  2 rakshasas
  3 spriggan air magi
  5 merfolk avatars
  3 peacekeepers
  4 vault guards
  6 merfolk aquamancers
  3 boulder beetles
  2 catoblepae
  3 ice dragons
  6 ironbound frosthearts
  A centaur warrior (D:15)
  4 anacondas
  2 two-headed ogres (D:10)
  2 alligator snapping turtles
  3 deep troll shamans
  3 satyrs
  4 death yaks (Shoals:3)
  7 deep troll earth magi
  18 naga warriors
  A sphinx skeleton (Depths:2)
  3 thrashing horrors (Lair:5)
  15 naga sharpshooters
  2 tengu warriors
  3 occultists
  2 orc high priests (Orc:2)
  A vampire mage (Depths:1)
  2 sun demons (Depths:3)
  5 shock serpents
  Nergalle (D:11)
  4 skysharks
  Sonja (Orc:1)
  5 iron trolls
  3 mana vipers
  4 large abominations
  7 salamander mystics
  4 arcanists
  13 sea snakes
  2 naga ritualists
  54 deep trolls
  2 glowing orange brains
  11 ironbound convokers
  12 lindwurms
  An orange crystal statue (Depths:1)
  A tengu zombie (Vaults:1)
  Pikel (D:8)
  A wolf spider zombie (D:15)
  19 harpies
  4 necromancers
  4 deep elf pyromancers
  A wolf spider (Vaults:4)
  20 fauns
  12 orc knights
  5 orc sorcerers
  4 cyclopes
  22 manticores
  18 ugly things
  7 meliai
  2 oklob plants
  15 elephants
  A stone giant skeleton (Depths:2)
  A frost giant skeleton (Depths:2)
  A guardian serpent (Snake:1)
  29 black mambas
  16 salamanders
  7 merfolk sirens
  17 vault sentinels
  2 kobold blastminers (Orc:2)
  22 naga magi
  9 water nymphs
  7 cane toads
  2 smoke demons (Lair:5)
  2 gargoyles (D:11)
  3 unseen horrors
  8 rime drakes
  A centaur skeleton (D:15)
  2 kobold demonologists
  2 tengu conjurers
  An efreet (D:13)
  2 freezing wraiths (D:14)
  38 yaktaurs
  A yaktaur skeleton (Vaults:4)
  A human skeleton (Vaults:4)
  6 komodo dragons
  A polar bear (Lair:3)
  11 wind drakes
  25 merfolk
  A queen bee (shapeshifter) (D:11)
  A spriggan zombie (Depths:2)
  6 trolls
  3 hornets
  A frost giant simulacrum (Depths:2)
  16 dream sheep
  3 raiju
  8 snapping turtles
  28 blink frogs
  An elf skeleton (Vaults:4)
  2 shadows
  20 water elementals
  4 spriggans
  A spriggan (shapeshifter) (D:11)
  A centaur simulacrum (D:11)
  10 slime creatures
  3 wyverns
  2 ynoxinuls (Lair:5)
  A vampire (D:11)
  54 yaks
  8 basilisks
  A fire elemental (D:15)
  5 steam dragons
  7 wargs
  4 wraiths
  Grum (D:8)
  A warg (shapeshifter) (D:11)
  2 redbacks (Vaults:2)
  4 chaos spawn
  Edmund (D:5)
  43 nagas
  3 acid dragons
  3 hell hounds (D:15)
  28 water moccasins
  A glowing shapeshifter skeleton (Vaults:1)
  A nameless horror (D:12)
  35 orc warriors
  3 ogres
  2 sky beasts
  2 human zombies
  2 ice beasts
  3 boggarts (Vaults:3)
  12 wolves
  6 centaurs
  A phantom (D:4)
  3 kobold brigands
  10 bullfrogs
  A brain worm (Snake:2)
  2 gnoll sergeants
  16 small abominations
  3 wights (D:8)
  9 killer bees
  An electric eel (Lair:3)
  2 howler monkeys
  A bombardier beetle (D:7)
  A hound (D:5)
  8 jellies
  A gnoll bouda (D:8)
  14 orc priests
  A sleepcap (D:6)
  2 iguanas (D:6)
  18 orc wizards
  A boggart zombie (D:15)
  2 troll simulacra (D:11)
  5 adders
  12 gnolls
  A shadow imp (D:7)
  A white imp (D:7)
  2 dart slugs (D:3)
  2 ribbon worms
  58 orcs
  6 ball pythons
  6 endoplasms
  6 giant cockroaches
  7 hobgoblins
  4 jackals (D:2)
  22 kobolds
  6 quokkas
  7 bats
  2 frilled lizards
  6 goblins
  4 rats
1327 creatures vanquished.

Vanquished Creatures (collateral kills)
  Zenata (Vaults:1)
  A salamander tyrant (Snake:1)
  An anaconda (Snake:2)
  An ironbound frostheart (Vaults:2)
  A centaur warrior (D:13)
  A boulder beetle (D:14)
  A naga warrior (Snake:4)
  3 naga sharpshooters
  A salamander mystic (Snake:3)
  A naga ritualist (Snake:3)
  A sun moth (shapeshifter) (Shoals:3)
  2 deep elf pyromancers (D:14)
  A lindwurm (Vaults:2)
  An orc sorcerer (Orc:1)
  An ugly thing (Vaults:1)
  A cyclops (D:14)
  2 salamanders
  2 kobold blastminers (Orc:2)
  A guardian serpent (Snake:2)
  2 naga magi
  A centaur skeleton (D:15)
  2 unseen horrors
  A tengu conjurer (D:14)
  A troll (D:12)
  A blink frog (Lair:3)
  A raiju (Shoals:3)
  A dream sheep (Lair:3)
  A centaur simulacrum (D:15)
  A small abomination (Depths:1)
  4 nagas
  A water moccasin (Lair:2)
  An orc warrior (Orc:2)
  3 ogres
  A wolf (Lair:5)
  5 orc priests (Orc:2)
  An orc wizard (Orc:2)
  A gnoll (D:12)
  8 orcs
61 creatures vanquished.

Vanquished Creatures (others)
  A peacekeeper (Vaults:4)
  A centaur warrior (Shoals:3)
  2 deep trolls
  A faun (Shoals:3)
  A centaur (Shoals:3)
  An orc priest (Orc:2)
  An orc wizard (Orc:1)
  An orc (Orc:2)
  126 blazeheart cores
135 creatures vanquished.

Grand Total: 1523 creatures vanquished

Notes
Turn   | Place    | Note
-------+----------+-------------------------------------------
     0 | D:1      | whatisthis the Gnoll Reaver began the quest for the Orb.
     0 | D:1      | Reached XP level 1. HP: 20/20 MP: 6/6
   177 | D:1      | Reached XP level 2. HP: 26/26 MP: 7/7
   798 | D:2      | Reached skill level 5 in Spellcasting
   798 | D:2      | Reached XP level 3. HP: 22/31 MP: 7/9
   944 | D:2      | You fall into a shaft and drop 2 floors!
   944 | D:4      | Found a stormy altar of Qazlal.
   988 | D:4      | Found a radiant altar of Vehumet.
  1079 | D:4      | Reached skill level 1 in Invocations
  1131 | D:4      | Reached skill level 1 in Short Blades
  1131 | D:4      | Reached skill level 1 in Long Blades
  1131 | D:4      | Reached skill level 1 in Axes
  1131 | D:4      | Reached skill level 1 in Maces & Flails
  1131 | D:4      | Reached skill level 1 in Staves
  1131 | D:4      | Reached skill level 1 in Ranged Weapons
  1131 | D:4      | Reached skill level 1 in Throwing
  1131 | D:4      | Reached skill level 1 in Armour
  1131 | D:4      | Reached skill level 1 in Stealth
  1131 | D:4      | Reached skill level 1 in Shields
  1131 | D:4      | Reached skill level 1 in Unarmed Combat
  1131 | D:4      | Reached skill level 1 in Evocations
  1245 | D:4      | Noticed a phantom
  1460 | D:3      | Reached skill level 1 in Shapeshifting
  1460 | D:3      | Reached XP level 4. HP: 38/38 MP: 11/11
  1692 | D:2      | Reached skill level 1 in Hexes
  1692 | D:2      | Reached skill level 1 in Summonings
  1692 | D:2      | Reached skill level 1 in Necromancy
  1692 | D:2      | Reached skill level 1 in Translocations
  1692 | D:2      | Reached skill level 1 in Fire Magic
  1692 | D:2      | Reached skill level 1 in Ice Magic
  1692 | D:2      | Reached skill level 1 in Air Magic
  1692 | D:2      | Reached skill level 1 in Earth Magic
  1692 | D:2      | Reached skill level 1 in Alchemy
  2823 | D:4      | Killed a phantom
  2824 | D:4      | Reached XP level 5. HP: 30/43 MP: 12/12
  2940 | D:5      | Entered Level 5 of the Dungeon
  2954 | D:5      | Noticed an ice beast
  2980 | D:5      | Killed an ice beast
  2981 | D:5      | Reached skill level 5 in Fighting
  2981 | D:5      | Reached skill level 5 in Dodging
  2981 | D:5      | Reached XP level 6. HP: 35/51 MP: 14/14
  3199 | D:5      | Noticed Edmund
  3227 | D:5      | Killed Edmund
  3471 | D:5      | Found Soroitij's Assorted Antiques.
  3817 | D:5      | Reached XP level 7. HP: 22/56 MP: 15/15
  4486 | D:6      | Reached XP level 8. HP: 4/63 MP: 16/16
  4692 | D:6      | Found an ornate altar of the Wu Jian Council.
  4805 | D:6      | Found a broken altar of Ashenzari.
  5338 | D:7      | Found a staircase to the Ecumenical Temple.
  6433 | Temple   | Entered the Ecumenical Temple
  6449 | Temple   | Became a worshipper of Nemelex Xobeh the Trickster
  6523 | D:8      | Found a basalt altar of Yredelemnul.
  6552 | D:7      | Reached XP level 9. HP: 49/69 MP: 18/18
  6770 | D:8      | Noticed Grum
  7518 | D:8      | Noticed Pikel
  7542 | D:8      | Killed Pikel
  7543 | D:8      | Reached skill level 5 in Invocations
  8008 | D:8      | Killed Grum
  8033 | D:8      | Found a runed translucent gate.
  8033 | D:8      | Found a runed translucent gate.
  8033 | D:8      | Found a runed translucent gate.
  8033 | D:8      | Noticed a red ugly thing
  8033 | D:8      | Noticed a glowing orange brain
  8034 | D:8      | Noticed a cyan ugly thing
  8034 | D:8      | Noticed a purple ugly thing
  8036 | D:8      | Noticed a green ugly thing
  8036 | D:8      | Noticed a brown ugly thing
  8037 | D:8      | Noticed a cyan ugly thing
  8506 | D:8      | Reached skill level 5 in Short Blades
  8506 | D:8      | Reached skill level 5 in Long Blades
  8506 | D:8      | Reached skill level 5 in Axes
  8506 | D:8      | Reached skill level 5 in Maces & Flails
  8506 | D:8      | Reached skill level 5 in Staves
  8506 | D:8      | Reached skill level 5 in Ranged Weapons
  8506 | D:8      | Reached skill level 5 in Throwing
  8506 | D:8      | Reached skill level 5 in Armour
  8506 | D:8      | Reached skill level 5 in Stealth
  8506 | D:8      | Reached skill level 5 in Shields
  8506 | D:8      | Reached skill level 5 in Unarmed Combat
  8506 | D:8      | Reached skill level 5 in Evocations
  8506 | D:8      | Reached XP level 10. HP: 68/77 MP: 20/20
  8916 | D:9      | Reached * piety under Nemelex Xobeh
  9234 | D:9      | Received a gift from Nemelex Xobeh
 10007 | D:9      | Found a glowing golden altar of the Shining One.
 10067 | D:10     | Entered Level 10 of the Dungeon
 10150 | D:9      | Reached skill level 5 in Shapeshifting
 10567 | D:10     | Noticed an oklob plant
 10570 | D:10     | Found a staircase to the Lair.
 10600 | D:10     | Noticed a two-headed ogre
 10609 | D:10     | Killed a two-headed ogre
 10637 | D:10     | Identified the +0 halberd of Earthquakes {freeze, rElec
                  | Will+}
 10649 | D:10     | Noticed a two-headed ogre
 10673 | D:10     | Killed a two-headed ogre
 10674 | D:10     | Reached skill level 5 in Hexes
 10674 | D:10     | Reached skill level 5 in Summonings
 10674 | D:10     | Reached skill level 5 in Necromancy
 10674 | D:10     | Reached skill level 5 in Translocations
 10674 | D:10     | Reached skill level 5 in Fire Magic
 10674 | D:10     | Reached skill level 5 in Ice Magic
 10674 | D:10     | Reached skill level 5 in Air Magic
 10674 | D:10     | Reached skill level 5 in Earth Magic
 10674 | D:10     | Reached skill level 5 in Alchemy
 10674 | D:10     | Reached XP level 11. HP: 56/85 MP: 22/22
 10992 | D:10     | Found a staircase to the Orcish Mines.
 11006 | D:10     | Received a gift from Nemelex Xobeh
 11118 | D:10     | Killed an oklob plant
 11807 | D:11     | Noticed a four-headed hydra
 12111 | D:11     | Noticed Josephine
 12155 | D:10     | Learned a level 3 spell: Hailstorm
 12158 | D:10     | Learned a level 2 spell: Blink
 12160 | Lair:1   | Entered Level 1 of the Lair of Beasts
 12536 | Lair:1   | Reached ** piety under Nemelex Xobeh
 12563 | Lair:1   | Found a dark tunnel.
 14242 | Lair:2   | Found a staircase to the Snake Pit.
 14486 | Lair:2   | Reached XP level 12. HP: 90/94 MP: 17/24
 14541 | Lair:2   | HP: 3/94 [poisoned by a water moccasin]
 14935 | Lair:2   | Noticed an eight-headed hydra
 15964 | Lair:1   | Reached skill level 10 in Polearms
 16498 | Lair:3   | Noticed a skyshark
 16576 | Lair:3   | Reached *** piety under Nemelex Xobeh
 16832 | Lair:3   | Found a runed translucent gate.
 16838 | Lair:3   | Found a runed translucent gate.
 16839 | Lair:3   | Found a runed translucent gate.
 16839 | Lair:3   | Noticed Rennog's ghost (journeyman FoFi)
 16842 | Lair:3   | Found a viscous altar of Jiyva.
 18069 | Lair:3   | Noticed a seven-headed hydra
 18862 | Lair:4   | Noticed a skyshark
 19039 | Lair:3   | HP: 3/95 [black mamba (6)]
 19316 | Lair:4   | Reached XP level 13. HP: 75/101 MP: 26/26
 19971 | Lair:4   | Reached **** piety under Nemelex Xobeh
 20305 | Lair:5   | Entered Level 5 of the Lair of Beasts
 20654 | Lair:5   | Found a staircase to the Slime Pits.
 21095 | Lair:4   | Reached skill level 10 in Spellcasting
 21755 | Lair:5   | Noticed Snorg
 21915 | Lair:5   | Killed Snorg
 22573 | Lair:5   | Found a viscous altar of Jiyva.
 22794 | Lair:5   | Reached skill level 10 in Fighting
 22794 | Lair:5   | Reached skill level 10 in Dodging
 23566 | Lair:5   | Received a gift from Nemelex Xobeh
 25119 | Lair:5   | Reached XP level 14. HP: 104/110 MP: 24/28
 25141 | Lair:5   | Reached skill level 10 in Invocations
 26932 | Lair:5   | Found a corrupted altar of Lugonu.
 26932 | Lair:5   | Found a one-way gate to the infinite horrors of the Abyss.
 27195 | D:11     | Noticed Nergalle
 27626 | D:11     | Killed Josephine
 27847 | D:11     | Killed Nergalle
 28848 | D:11     | Upgraded the game from 0.31-a0-1540-g5a0b83f448 to
                  | 0.31-a0-1570-g93c622d222
 28923 | D:10     | Learned a level 3 spell: Call Canine Familiar
 29195 | D:12     | Found a gate leading to a gauntlet.
 29269 | D:12     | Received a gift from Nemelex Xobeh
 30754 | D:13     | Found Kusiruaco's Weapon Shoppe.
 30787 | D:13     | Reached ***** piety under Nemelex Xobeh
 31071 | D:13     | Received a gift from Nemelex Xobeh
 31078 | D:13     | Found a gate to the Vaults.
 31268 | D:14     | Reached skill level 10 in Conjurations
 31448 | D:14     | Identified the +1 ring mail "Nyirees" {Str-3 Int+3}
 31870 | D:14     | Received a gift from Nemelex Xobeh
 31973 | D:14     | Learned a level 4 spell: Summon Blazeheart Golem
 32055 | D:13     | Reached skill level 10 in Short Blades
 32055 | D:13     | Reached skill level 10 in Long Blades
 32055 | D:13     | Reached skill level 10 in Axes
 32055 | D:13     | Reached skill level 10 in Maces & Flails
 32055 | D:13     | Reached skill level 10 in Staves
 32055 | D:13     | Reached skill level 10 in Ranged Weapons
 32055 | D:13     | Reached skill level 10 in Throwing
 32055 | D:13     | Reached skill level 10 in Armour
 32055 | D:13     | Reached skill level 10 in Stealth
 32055 | D:13     | Reached skill level 10 in Shields
 32055 | D:13     | Reached skill level 10 in Unarmed Combat
 32055 | D:13     | Reached skill level 10 in Evocations
 32984 | D:14     | HP: 3/113 [meliai/divine providence (13)]
 33499 | D:15     | Entered Level 15 of the Dungeon
 33506 | D:15     | Found Ydunnos's Distillery.
 33562 | D:15     | Noticed Louise
 33567 | D:15     | Reached XP level 15. HP: 81/118 MP: 26/30
 34104 | D:15     | Found Upecs's Book Shoppe.
 34118 | D:15     | Found a shadowy altar of Dithmenos.
 34136 | D:15     | Received a gift from Nemelex Xobeh
 34142 | D:15     | Found Zegydigu's Antique Armour Boutique.
 34151 | D:15     | Identified the granite talisman of Viny Music {Int+3}
 34151 | D:15     | Noticed Roxanne
 35285 | D:15     | Killed Louise
 35491 | D:15     | Found Rubrivo's Assorted Antiques.
 35669 | D:15     | Found a staircase to the Depths.
 35809 | D:15     | Found Paugib's Distillery.
 35827 | D:15     | Received a gift from Nemelex Xobeh
 36174 | D:15     | Noticed Azrael
 36220 | D:15     | Killed Azrael
 37118 | Lair:3   | You fall into a shaft and drop 2 floors!
 37455 | Lair:3   | Found a staircase to the Shoals.
 37703 | Orc:1    | Entered Level 1 of the Orcish Mines
 37735 | Orc:1    | Noticed an orc warlord
 38187 | D:10     | Killed an orc warlord
 38270 | Orc:1    | Found Ufieh's Mayhem Merchandise.
 38287 | Orc:1    | Received a gift from Nemelex Xobeh
 38465 | Orc:2    | Entered Level 2 of the Orcish Mines
 38468 | Orc:2    | Found a staircase to the Elven Halls.
 38763 | Orc:2    | Found Kyuthoapt's Antique Armour Boutique.
 39117 | Orc:2    | Found Umi Weot's Antique Weapon Boutique.
 39246 | Orc:2    | Found Inac's Book Boutique.
 39474 | Orc:2    | Received a gift from Nemelex Xobeh
 39654 | Orc:2    | Noticed an orc warlord
 39671 | Orc:2    | Killed an orc warlord
 40052 | Orc:2    | Found Ysafeu's General Store.
 40118 | Orc:2    | Found Taroab's Jewellery Shop.
 40140 | Orc:2    | Noticed Azoth's ghost (journeyman DsAl)
 40147 | Orc:2    | Found a transporter.
 40218 | Orc:2    | Found a transporter.
 40433 | Orc:2    | Killed Azoth's ghost
 40549 | Orc:2    | Bought a Young Poisoner's Handbook for 300 gold pieces
 40549 | Orc:2    | Bought a book of Vapours for 390 gold pieces
 40553 | Orc:2    | Learned a level 3 spell: Mephitic Cloud
 40558 | Orc:2    | Learned a level 4 spell: Anguish
 40564 | Orc:2    | Learned a level 5 spell: Freezing Cloud
 40593 | Orc:1    | Noticed Sonja
 40600 | Orc:1    | Killed Sonja
 40601 | Orc:1    | Reached skill level 10 in Shapeshifting
 41342 | Orc:1    | Received a gift from Nemelex Xobeh
 41524 | Snake:1  | Entered Level 1 of the Snake Pit
 41532 | Snake:1  | Reached XP level 16. HP: 101/127 MP: 32/32
 42149 | Snake:1  | Found Xiph's Jewellery Boutique.
 42150 | Snake:1  | Found Xivoj's Book Emporium.
 42151 | Snake:1  | Found Zogosaumu's Jewellery Boutique.
 43663 | Snake:2  | Received a gift from Nemelex Xobeh
 43745 | Snake:2  | Identified the +0 leather armour of the Demon Prince
                  | {Will+}
 44272 | Snake:2  | Noticed a nagaraja
 44282 | Snake:2  | Killed a nagaraja
 44543 | Snake:2  | Found Wiustrede's Book Boutique.
 44779 | Snake:2  | Found Musaop's Antique Weapon Shop.
 44779 | Snake:2  | Found Jenuushre's Weapon Boutique.
 44782 | Snake:2  | Found Gyvymn's Antique Weapon Shop.
 45275 | Snake:2  | Received a gift from Nemelex Xobeh
 45933 | Snake:2  | Received a gift from Nemelex Xobeh
 46078 | Snake:3  | Reached ****** piety under Nemelex Xobeh
 46650 | Snake:3  | Received a gift from Nemelex Xobeh
 47279 | Snake:3  | Noticed a nagaraja
 47431 | Snake:2  | Reached XP level 17. HP: 98/135 MP: 23/33
 47668 | Snake:3  | Found a blossoming altar of Fedhas.
 47669 | Snake:3  | Received a gift from Nemelex Xobeh
 48271 | Snake:4  | Entered Level 4 of the Snake Pit
 48563 | Snake:4  | Reached skill level 10 in Hexes
 48563 | Snake:4  | Reached skill level 10 in Summonings
 48563 | Snake:4  | Reached skill level 10 in Necromancy
 48563 | Snake:4  | Reached skill level 10 in Translocations
 48563 | Snake:4  | Reached skill level 10 in Fire Magic
 48563 | Snake:4  | Reached skill level 10 in Ice Magic
 48563 | Snake:4  | Reached skill level 10 in Air Magic
 48563 | Snake:4  | Reached skill level 10 in Earth Magic
 48563 | Snake:4  | Reached skill level 10 in Alchemy
 48988 | Snake:4  | Found a shimmering blue altar of Sif Muna.
 49109 | Snake:4  | Received a gift from Nemelex Xobeh
 51884 | Snake:4  | Got a serpentine rune of Zot
 52225 | Lair:3   | Killed Rennog's ghost
 52390 | Shoals:1 | Entered Level 1 of the Shoals
 52639 | Lair:3   | Upgraded the game from 0.31-a0-1570-g93c622d222 to
                  | 0.31-a0-1576-ga3383bade6
 52788 | Orc:2    | Bought a twisted sling for 208 gold pieces
 52788 | Orc:2    | Identified the +0 sling of Cengohag {flame, ^Fragile rPois
                  | Int+4 Dex+3} (You bought it in a shop on level 2 of the
                  | Orcish Mines)
 53213 | Shoals:1 | Found a runed translucent gate.
 53213 | Shoals:1 | Found a runed translucent gate.
 53217 | Shoals:1 | Received a gift from Nemelex Xobeh
 53925 | Shoals:1 | Found a runed translucent gate.
 54149 | Shoals:2 | Reached XP level 18. HP: 58/143 MP: 8/35
 54707 | Shoals:2 | Received a gift from Nemelex Xobeh
 54807 | Shoals:2 | Found Guixt's Jewellery Shop.
 55287 | Shoals:3 | Noticed Nikola
 55294 | Shoals:3 | Killed Nikola
 55929 | Shoals:3 | Received a gift from Nemelex Xobeh
 56778 | Shoals:4 | Entered Level 4 of the Shoals
 57531 | Shoals:4 | Received a gift from Nemelex Xobeh
 58480 | Shoals:4 | Identified the +0 ring mail "Baexiofi" {Stlth+}
 58571 | Shoals:4 | Noticed Polyphemus
 58803 | Shoals:4 | Identified the +8 war axe of Beogh's Brutal Revenge
                  | {freeze, rPois Int+3}
 59441 | Shoals:4 | Identified the staff of Nytrour {rN+ Str+3 Necro}
 60244 | Shoals:3 | Reached XP level 19. HP: 108/151 MP: 33/37
 61095 | Shoals:4 | Got a barnacled rune of Zot
 61761 | Vaults:1 | Entered Level 1 of the Vaults
 62394 | Vaults:1 | Noticed Zenata
 62468 | Vaults:1 | Received a gift from Nemelex Xobeh
 63154 | Vaults:1 | Received a gift from Nemelex Xobeh
 64126 | Vaults:1 | Identified the +3 scimitar of Calculation {protect, Dex+3}
 64346 | Vaults:2 | Reached skill level 15 in Polearms
 64431 | Vaults:2 | Identified the ring "Ofew" {^Drain rC+++ rCorr Int-2 Dex+6}
 64542 | Vaults:1 | Received a gift from Nemelex Xobeh
 64585 | Vaults:1 | Noticed Donald
 64598 | Vaults:1 | Killed Donald
 65814 | Vaults:2 | Found Peaheoq's Distillery.
 65820 | Vaults:2 | Bought a potion of cancellation for 168 gold pieces
 65820 | Vaults:2 | Bought a potion of curing for 63 gold pieces
 65820 | Vaults:2 | Bought a potion of curing for 63 gold pieces
 65820 | Vaults:2 | Bought a potion of heal wounds for 105 gold pieces
 65820 | Vaults:2 | Bought a potion of curing for 63 gold pieces
 66090 | Vaults:2 | Found a staircase to the Crypt.
 66156 | Vaults:2 | Noticed Xtahua
 66176 | Vaults:2 | Paralysed by Xtahua for 2 turns
 66179 | Vaults:2 | Killed Xtahua
 66180 | Vaults:2 | Reached skill level 15 in Invocations
 66308 | Vaults:2 | Found a transporter.
 66340 | Vaults:2 | Found a transporter.
 67139 | Vaults:2 | Reached XP level 20. HP: 160/160 MP: 38/38
 67659 | Vaults:1 | Killed Zenata
 68665 | Vaults:3 | Received a gift from Nemelex Xobeh
 68840 | Vaults:3 | Noticed Jory
 68877 | Vaults:3 | Killed Jory
 69112 | Vaults:3 | Identified the orb of Refuge {*channel, rC+ Dex+3}
 69174 | Vaults:3 | Reached skill level 15 in Spellcasting
 69489 | Vaults:2 | Received a gift from Nemelex Xobeh
 70502 | Vaults:4 | Received a gift from Nemelex Xobeh
 70601 | Vaults:4 | Reached skill level 15 in Fighting
 70601 | Vaults:4 | Reached skill level 15 in Dodging
 72012 | Vaults:4 | HP: 6/162 [ironbound thunderhulk/bolt of lightning[a vault
                  | warden] (44)]
 73047 | Vaults:4 | Reached XP level 21. HP: 142/168 MP: 17/40
 74420 | D:15     | Bought a potion of curing for 33 gold pieces
 74420 | D:15     | Bought a potion of heal wounds for 55 gold pieces
 74420 | D:15     | Bought a potion of curing for 33 gold pieces
 74420 | D:15     | Bought a potion of heal wounds for 55 gold pieces
 74420 | D:15     | Bought a potion of curing for 33 gold pieces
 74420 | D:15     | Bought a potion of heal wounds for 55 gold pieces
 74460 | D:15     | Bought a potion of heal wounds for 90 gold pieces
 74460 | D:15     | Bought a potion of heal wounds for 90 gold pieces
 74460 | D:15     | Bought a potion of curing for 54 gold pieces
 74549 | Depths:1 | Entered Level 1 of the Depths
 75462 | Depths:1 | Received a gift from Nemelex Xobeh
 75520 | Depths:1 | Learned a level 4 spell: Airstrike
 75577 | Depths:1 | Found a gateway to Hell.
 76005 | Depths:1 | Received a gift from Nemelex Xobeh
 76006 | Depths:1 | Noticed Sojobo
 76025 | Depths:1 | Sojobo changed into Sojobo the formless jellyfish
 76025 | Depths:1 | Noticed Sojobo
 76025 | Depths:1 | Killed Sojobo the formless jellyfish
 76033 | Depths:1 | Noticed Asterion
 76037 | Depths:1 | Killed Asterion
 76487 | Depths:2 | Found a one-way gate leading to the halls of Pandemonium.
 76794 | Depths:2 | Reached skill level 15 in Short Blades
 76794 | Depths:2 | Reached skill level 15 in Long Blades
 76794 | Depths:2 | Reached skill level 15 in Axes
 76794 | Depths:2 | Reached skill level 15 in Maces & Flails
 76794 | Depths:2 | Reached skill level 15 in Staves
 76794 | Depths:2 | Reached skill level 15 in Ranged Weapons
 76794 | Depths:2 | Reached skill level 15 in Throwing
 76794 | Depths:2 | Reached skill level 15 in Armour
 76794 | Depths:2 | Reached skill level 15 in Stealth
 76794 | Depths:2 | Reached skill level 15 in Shields
 76794 | Depths:2 | Reached skill level 15 in Unarmed Combat
 76794 | Depths:2 | Reached skill level 15 in Evocations
 77423 | Depths:2 | Received a gift from Nemelex Xobeh
 78204 | Depths:3 | Noticed Oxzi's ghost (adept DEHW)
 78204 | Depths:3 | Found a runed translucent door.
 78508 | Depths:3 | Found a one-way gateway to a ziggurat.
 78720 | Depths:1 | Identified the +0 helmet of Parsimonious Mirth {Will+
                  | rCorr}
 79486 | Depths:3 | Gained mutation: Your spells are a little easier to cast,
                  | but a little less powerful. [a shining eye]
 79562 | Depths:3 | Noticed a caustic shrike
 79562 | Depths:3 | Noticed a caustic shrike
 79562 | Depths:3 | Noticed a caustic shrike
 79571 | Depths:2 | Killed a caustic shrike
 79572 | Depths:2 | Reached XP level 22. HP: 85/164 MP: 40/42
 79572 | Depths:2 | a caustic shrike changed into a minotaur
 79581 | Depths:2 | Slain by a vampire knight

Illustrated notes

Levels and vault maps discovered:
D:1:      minmay_arrival_four_houses, layout_loops_ring
D:2:      layout_rooms
D:3:      layout_basic
D:4:      layout_basic, mainiacjoe_overflow_paths,
          nicolae_qazlal_scattered_showers, nicolae_letterblocks
          [nicolae_letter_subblock, nicolae_letter_subblock,
          nicolae_letter_subblock, nicolae_letter_subblock,
          nicolae_letter_subblock, nicolae_letter_subblock,
          nicolae_letter_subblock, nicolae_letter_subblock,
          nicolae_letter_subblock, nicolae_letter_subblock,
          nicolae_letter_subblock, nicolae_letter_subblock,
          nicolae_letter_subblock, nicolae_letter_subblock,
          nicolae_letter_subblock, nicolae_letter_subblock,
          nicolae_letter_subblock, nicolae_letter_subblock,
          nicolae_letter_subblock, nicolae_letter_subblock,
          nicolae_letter_subblock, nicolae_letter_subblock,
          nicolae_letter_subblock, nicolae_letter_subblock,
          nicolae_letter_subblock]
D:5:      layout_rooms, serial_shops, nicolae_shop_rolling_square, uniq_edmund
D:6:      layout_basic, cheibrodos_ashenzari_chains, kennysheep_mini,
          serial_library_hellmonk_hallway_b
D:7:      layout_rooms, minmay_temple_entry_ruins
D:8:      layout_cave_pools, yredelemnul_altar_generic,
          ploomutoo_gammafunk_ghost_potion_laboratory, uniq_pikel, uniq_grum
D:9:      layout_cave_pods, lemuel_coloured_pillars_altar,
          nicolae_houndstooth_variations
D:10:     layout_irregular_city, dpeg_oklobed_lair, lightli_orcish_oven
D:11:     minmay_blocky_corners, layout_rooms,
          portal_ice_cave_entry_ice_simulacra, uniq_nergalle, uniq_josephine
D:12:     layout_basic, gauntlet_entry_generic, serial_curves, eino_curves_02,
          eino_curves_02, nicolae_figureground_pulse
D:13:     layout_big_octagon, serial_shops, nicolae_square_shop
D:14:     layout_stronghold, serial_park_paths [serial_park_minivault_5x5_5],
          kennysheep_crisscross
D:15:     grunt_enter_depths_magical_seal, layout_cave_pools, serial_rivers,
          chequers_serial_rivers_small_a, chequers_serial_rivers_micro_a,
          chequers_serial_rivers_micro_e, chequers_serial_rivers_large_b,
          grunt_dithmenos_smoke, serial_shops, nicolae_shop_gibbet_a_chance,
          shop, shop_statue, nicolae_shop_pleasant_corner_grove,
          nicolae_shop_tiny_real_fake_doors, uniq_azrael, uniq_louise,
          uniq_roxanne
Temple:   eino_temple_rhombus
Lair:1:   layout_small_grid, nicolae_volcano_entry_two_sided,
          eino_small_chamber_without_monster,
          eino_small_chamber_without_monster, serial_bayou_shore_b
Lair:2:   layout_hall_layers, minmay_snake_entry_six_corridors,
          eino_small_chamber_without_monster
Lair:3:   layout_cave_pods, minmay_shoals_entry_beasts, gammafunk_ghost_ooze,
          serial_bayou_shore_a
Lair:4:   layout_regular_city
Lair:5:   hellmonk_lair_end_abyssal_woods, layout_gridlike,
          nicolae_slime_entry_field_trip, lemuel_fruit_tree, uniq_snorg
Shoals:1: layout_shoals, nicolae_shoals_beach_cooler
Shoals:2: layout_shoals, serial_shops, shop
Shoals:3: layout_shoals, centaur_isle, uniq_nikola
Shoals:4: shoals_end_grunt_garden, layout_shoals, nicolae_shoals_drake_roost,
          uniq_polyphemus
Snake:1:  layout_misc_corridors, drop_trap, minmay_shop_grove,
          grunt_megastairs_4
Snake:2:  layout_gridlike, serial_bayou_shore_b, minmay_shoptagon,
          serial_bayou_shore_b
Snake:3:  layout_layer_cave, lemuel_oklob_altar
Snake:4:  snake_pit, layout_cave_town, basic_altar
Orc:1:    layout_caves, minmay_shop_mayhem, lemuel_statue_altar, uniq_sonja
Orc:2:    grunt_orc_gardens, layout_caves, grunt_orc_garden, grunt_orc_garden,
          grunt_orc_garden, grunt_orc_garden, serial_shops, shop,
          gammafunk_ghost_arena, basic_altar
Vaults:1: nicolae_vaults_double_plus_1, nicolae_vaults_stepped_doors,
          hangedman_vaults_impose, ontoclasm_vaults_bender,
          nicolae_vaults_little_squares_2, v_alt_pattern_3,
          vaults_room_door_hall, layout_vaults_quadrants, uniq_zenata,
          uniq_donald
Vaults:2: nicolae_vaults_tetromino_L_1, minmay_crypt_entry_simple_corners,
          gammafunk_its_a_trap, nicolae_vaults_lightning_bolt,
          ontoclasm_vaults_pinch, nicolae_vaults_tetromino_L_1, v_rooms_3,
          nicolae_vaults_sealed_display, nicolae_vaults_big_ls,
          nicolae_vaults_ring_of_whatevers, nicolae_vaults_trapezoid_2,
          nicolae_vaults_heist, nicolae_vaults_tetromino_T_2,
          layout_vaults_omnicross, serial_shops, nicolae_shop_rolling_square,
          uniq_xtahua
Vaults:3: mu_enter_wizlab_2, nicolae_vaults_tetromino_L_1,
          nicolae_vaults_sesquioval_fish, nicolae_vaults_wine_cellar, v_rooms_2,
          grunt_vaults_trifunnel, vaults_mumra_hexcomb,
          nicolae_vaults_tetromino_L_1, nicolae_vaults_wrenched, v_misc_23,
          vaults_room_stairs_pillars, ontoclasm_vaults_gateway,
          layout_vaults_big_room, uniq_jory
Vaults:4: nicolae_vaults_network_s, v_misc_11, v_misc_29,
          hangedman_vaults_snaps, nicolae_vaults_cornered_office,
          nicolae_vaults_closet_pinwheel_5, nicolae_vaults_house_2,
          nicolae_vaults_murderbox, v_misc_17, v_misc_24,
          ontoclasm_vaults_ring_small, layout_vaults_maze_bifur
Depths:1: layout_cave_pools, minmay_room_of_horrors, hell_entry, minivault_16,
          water_boxes_lemuel, uniq_asterion, uniq_sojobo
Depths:2: kennysheep_spiral_hall, layout_long_grid, minmay_fountain_box,
          pf_hell_entry_tar_river, serial_sigils, serial_sigils_hangedman_gnaw,
          serial_sigils_hangedman_stare, serial_sigils_hangedman_snap,
          serial_sigils_hangedman_clutch, serial_sigils_hangedman_quiver,
          abyss_entry, pan_entry, uniq_grunn
Depths:3: minmay_shrinking_squares, layout_gridlike, enter_ziggurat_d,
          nicolae_abyss_entry_one_way_or_another, ebering_ghost_reflecting_pool,
          nicolae_hell_entry_hellmouth_sunbeams, nicolae_ru_sacrificial_ziggurat

Skill      XL: |  1  2  3  4  5  6  7  8  9 10 11 12 13 14 15 16 17 18 19 20 21 |
---------------+----------------------------------------------------------------+-----
Spellcasting   | 5 6 7 8 9 10 11 12 13 14 15 16 | 16.0
Invocations    | 1 2 3 4 5 6 7 8 9 10 11 12 13 14 15 16 | 16.5
Short Blades   | 1 2 3 5 6 7 8 9 10 11 12 13 14 15 | 15.2
Long Blades    | 1 2 3 5 6 7 8 9 10 11 12 13 14 15 | 15.2
Axes           | 1 2 3 5 6 7 8 9 10 11 12 13 14 15 | 15.2
Maces & Flails | 1 2 3 5 6 7 8 9 10 11 12 13 14 15 | 15.2
Staves         | 1 2 3 5 6 7 8 9 10 11 12 13 14 15 | 15.2
Ranged Weapons | 1 2 3 5 6 7 8 9 10 11 12 13 14 15 | 15.2
Throwing       | 1 2 3 5 6 7 8 9 10 11 12 13 14 15 | 15.2
Armour         | 1 2 3 5 6 7 8 9 10 11 12 13 14 15 | 15.2
Stealth        | 1 2 3 5 6 7 8 9 10 11 12 13 14 15 | 15.2
Shields        | 1 2 3 5 6 7 8 9 10 11 12 13 14 15 | 15.2
Unarmed Combat | 1 2 3 5 6 7 8 9 10 11 12 13 14 15 | 15.2
Evocations     | 1 2 3 5 6 7 8 9 10 11 12 13 14 15 | 15.2
Shapeshifting  | 1 2 3 4 5 6 7 8 9 10 11 12 13 14 | 14.1
Hexes          | 1 2 3 4 5 6 7 8 9 10 11 12 13 | 13.0
Summonings     | 1 2 3 4 5 6 7 8 9 10 11 12 13 | 13.0
Necromancy     | 1 2 3 4 5 6 7 8 9 10 11 12 13 | 13.0
Translocations | 1 2 3 4 5 6 7 8 9 10 11 12 13 | 13.0
Fire Magic     | 1 2 3 4 5 6 7 8 9 10 11 12 13 | 13.0
Ice Magic      | 1 2 3 4 5 6 7 8 9 10 11 12 13 | 13.0
Air Magic      | 1 2 3 4 5 6 7 8 9 10 11 12 13 | 13.0
Earth Magic    | 1 2 3 4 5 6 7 8 9 10 11 12 13 | 13.0
Alchemy        | 1 2 3 4 5 6 7 8 9 10 11 12 13 | 13.0
Fighting       | 5 6 7 8 9 10 11 12 13 14 15 | 15.9
Dodging        | 5 6 7 8 9 10 11 12 13 14 15 | 15.9
Polearms       | 7 8 9 10 11 12 13 14 15 16 | 16.4
Conjurations   | 6 7 8 9 10 11 12 13 14 | 14.0

Action                     |  1- 3 |  4- 6 |  7- 9 | 10-12 | 13-15 | 16-18 | 19-21 | 22-24 || total
---------------------------+-------+-------+-------+-------+-------+-------+-------+-------++-------
  Melee: Spear             |   145 |   121 |    47 |   666 |   679 |       |       |       ||  1658
         Bite              |    11 |    13 |    48 |   145 |   232 |    53 |   195 |       ||   697
         Punch             |     1 |     3 |       |     2 |    14 |    17 |     1 |       ||    38
         Dagger            |       |    47 |   195 |       |       |       |       |       ||   242
         Trident           |       |       |   129 |       |       |       |       |       ||   129
         Whip              |       |       |    32 |   304 |   454 |       |       |       ||   790
         Halberd           |       |       |       |    28 |   168 |   174 |       |       ||   370
         Scimitar          |       |       |       |       |    32 |       |       |       ||    32
         Eveningstar       |       |       |       |       |   173 |    23 |       |       ||   196
         Demon trident     |       |       |       |       |       |   310 |   997 |     4 ||  1311
         War axe           |       |       |       |       |       |       |    58 |       ||    58
  Throw: Dart              |     3 |    14 |    28 |    70 |    72 |       |     3 |       ||   190
         Boomerang         |       |       |       |     9 |   166 |   137 |   389 |       ||   701
   Cast: Hailstorm         |       |       |       |    16 |    29 |       |       |       ||    45
         Blink             |       |       |       |     4 |     7 |       |       |       ||    11
         Call Canine Famil |       |       |       |       |    84 |     7 |    23 |       ||   114
         Summon Blazeheart |       |       |       |       |   101 |    61 |    48 |       ||   210
         Freezing Cloud    |       |       |       |       |    16 |   429 |   302 |       ||   747
         Anguish           |       |       |       |       |     1 |     7 |     5 |       ||    13
         Airstrike         |       |       |       |       |       |       |    25 |       ||    25
 Invoke: Draw Destruction  |       |       |       |     4 |     7 |    17 |    34 |     1 ||    63
         Draw Escape       |       |       |       |     1 |     3 |     1 |     6 |     1 ||    12
         Draw Summoning    |       |       |       |     3 |     3 |     5 |    10 |     2 ||    23
         Deal Four         |       |       |       |       |     1 |     1 |     3 |       ||     5
  Evoke: Wand              |       |     3 |     5 |     9 |    33 |     5 |    21 |       ||    76
         Lightning rod     |       |       |       |       |       |       |     2 |       ||     2
    Use: Scroll            |       |       |     6 |     2 |    12 |     5 |    16 |     1 ||    42
         Potion            |       |       |       |     4 |     1 |     2 |     4 |       ||    11
   Stab: Sleeping          |       |     1 |       |     2 |       |       |     5 |       ||     8
         Paralysed         |       |    18 |     6 |    10 |    80 |       |     2 |       ||   116
         Distracted        |       |       |     1 |     2 |     5 |       |     3 |       ||    11
         Petrified         |       |       |       |       |       |       |     8 |       ||     8
 Armour: Leather armour    |    50 |    10 |       |       |       |       |       |       ||    60
         Ring mail         |       |    42 |    74 |       |       |       |       |       ||   116
         Scale mail        |       |       |   159 |   576 |  1180 |   733 |   190 |       ||  2838
         Chain mail        |       |       |       |       |       |       |   786 |    11 ||   797
  Dodge: Dodged            |    61 |    55 |   209 |   465 |  1101 |   359 |   328 |     3 ||  2581
  Block: Buckler           |       |     9 |    84 |   198 |   238 |       |       |       ||   529
         Other             |       |       |       |       |       |   104 |     8 |       ||   112
         Reflection        |       |       |       |       |       |    35 |    88 |       ||   123
         Kite shield       |       |       |       |       |       |       |   937 |     5 ||   942

Table legend: (Time is in decaauts)
 A = Elapsed time spent in this place.
 B = Non-inter-level travel time spent in this place.
 C = Inter-level travel time spent in this place.
 D = Time resting spent in this place.
 E = Time spent auto-exploring this place.
 F = Levels seen in this place.
 G = Mean time per level.
                   A        B        C        D        E       F      G
               +--------+--------+--------+--------+--------+-----+--------+
         Total |  78616 |  73483 |   5133 |  33104 |  11610 |  38 | 2068.8 |
       Dungeon |  23781 |  22257 |   1524 |   8737 |   5887 |  15 | 1585.4 |
        Temple |     32 |     17 |     15 |      0 |      0 |   1 |   32.0 |
          Lair |  15837 |  14420 |   1417 |   6886 |   2420 |   5 | 3167.4 |
        Shoals |   9044 |   8627 |    417 |   5124 |    614 |   4 | 2261.0 |
     Snake Pit |  10305 |  10020 |    285 |   4745 |   1951 |   4 | 2576.2 |
  Orcish Mines |   3367 |   3191 |    176 |   1049 |    737 |   2 | 1683.5 |
        Vaults |  11894 |  10867 |   1027 |   4713 |      0 |   4 | 2973.5 |
        Depths |   4352 |   4082 |    270 |   1849 |      0 |   3 | 1450.7 |
               +--------+--------+--------+--------+--------+-----+--------+

Top non-repeatable levels by time:
  Lair:5: 4493 daAuts
Vaults:1: 3625 daAuts
Shoals:3: 3597 daAuts
  Lair:4: 3547 daAuts
    D:10: 3387 daAuts
Vaults:3: 3263 daAuts
  Lair:3: 3184 daAuts
    D:14: 2888 daAuts
 Snake:4: 2854 daAuts
 Snake:2: 2817 daAuts
 Snake:3: 2703 daAuts
  Lair:1: 2570 daAuts
Shoals:4: 2565 daAuts
Depths:2: 2560 daAuts
Vaults:4: 2542 daAuts
